 Dungeon Crawl Stone Soup version 0.27.1-1-g398f81649c (webtiles) character file.

Game seed: 15103065953799334735

303 MajorAdolf the Stinger (level 6, 0/56 HPs)
             Began as a Naga Wanderer on Sept 10, 2021.
             Slain by a phantom (3 damage)
             ... on level 4 of the Dungeon.
             The game lasted 00:09:40 (4746 turns).

MajorAdolf the Stinger (Naga Wanderer)              Turns: 4746, Time: 00:09:40

Health: 0/56       AC:  3    Str: 15    XL:     6   Next: 38%
Magic:  10/10      EV:  9    Int: 15    God:
Gold:   105        SH:  0    Dex:  9    Spells: 7/11 levels left

rFire    . . .     SeeInvis +   a - +2 dagger
rCold    . . .     Faith    .   (no shield)
rNeg     . . .     Spirit   .   d - +0 robe
rPois    +         Reflect  .   (no helmet)
rElec    .         Harm     .   (no cloak)
rCorr    .         Rampage  .   (no gloves)
Will     .....                  (no barding)
Stlth    ++........             (no amulet)
HPRegen  0.18/turn              (no ring)
MPRegen  0.12/turn              (no ring)

@: very slow
A: AC +2, large, see invisible, deformed body, poison resistance, slowness 2,
spit poison 1, naga tail 1
a: Spit Poison


You were on level 4 of the Dungeon.
You visited 1 branch of the dungeon, and saw 4 of its levels.

You collected 105 gold pieces.

Inventory:

Hand Weapons
 a - a +2 dagger (weapon)
 e - a +0 dagger
 u - a +0 hunting sling
Missiles
 b - 3 curare-tipped darts
 p - 4 poisoned darts
 s - 48 stones
Armour
 d - a +0 robe (worn)
Jewellery
 l - an amulet of guardian spirit
Scrolls
 f - a scroll of magic mapping
 g - a scroll of fog {unknown}
 h - 3 scrolls of identify {unknown}
 i - a scroll of enchant armour {unknown}
 m - 3 scrolls of fear {unknown}
 n - a scroll of amnesia {unknown}
 t - a scroll of silence {unknown}
 v - a scroll of teleportation {unknown}
Potions
 c - a potion of brilliance {unknown}
 j - a potion of might {unknown}
 k - 3 potions of curing {unknown}
 o - 2 potions of degeneration {unknown}
 q - 2 potions of heal wounds {unknown}
 r - a potion of resistance {unknown}


   Skills:
 + Level 3.1 Fighting
 - Level 1.0 Throwing
 - Level 1.5 Armour
 + Level 4.4 Stealth
 + Level 3.0 Spellcasting
 - Level 1.0 Conjurations
 + Level 5.9 Poison Magic


You had 7 spell levels left.
You knew the following spells:

 Your Spells              Type           Power      Damage    Failure   Level
a - Sting                 Tmut/Pois      44%        1d5       6%          1
b - Mephitic Cloud        Conj/Pois/Air  9%         N/A       24%         3

Your spell library contained the following spells:

 Spells                   Type           Power      Damage    Failure   Level
 Foxfire                  Conj/Fire      12%        2x1d4     16%         1
 Slow                     Hex            2%         N/A       30%         2
 Conjure Flame            Conj/Fire      3%         6-21      43%         3
 Confusing Touch          Hex            2%         N/A       52%         3
 Inner Flame              Hex/Fire       2%         N/A       52%         3
 Dispel Undead            Necr           2%         3d7       89%         4
 Freezing Cloud           Conj/Ice/Air   1%         6-21      99%         5
 Yara's Violent Unravell  Hex/Tmut       1%         3d3       99%         5
 Borgnjor's Revivificati  Necr           1%         N/A       100%        8


Dungeon Overview and Level Annotations

Branches:
Dungeon (4/15)
 Temple: D:4-7

Altars:
Makhleb
Beogh

Shops:
D:2 [


Innate Abilities, Weirdness & Mutations

Your serpentine skin is tough. (AC +2)
You have supernaturally acute eyesight. (SInv)
Armour fits poorly on your strangely shaped body.
Your system is resistant to poisons. (rPois)
You cover ground very slowly.
You can spit poison.
You have a snake-like lower body.


Message History

The phantom hits you!
The phantom blinks!
You blink.
You hit the phantom.
The phantom is almost destroyed.
The phantom hits you.
You barely miss the phantom.
The phantom is almost destroyed.
The phantom barely misses you.
You closely miss the phantom.
The phantom is almost destroyed.
The phantom completely misses you.
You hit the phantom.
The phantom is almost destroyed.
The phantom barely misses you.
You closely miss the phantom.
The phantom is almost destroyed.
The phantom hits you.
You miss the phantom.
The phantom is almost destroyed.
The phantom hits you.
You hit the phantom but do no damage.
The phantom is almost destroyed.
The phantom hits you.
* * * LOW HITPOINT WARNING * * *
The phantom blinks!
You blink.
You hit the phantom.
The phantom is almost destroyed.
The phantom hits you.
* * * LOW HITPOINT WARNING * * *
The phantom blinks!
You blink.
You hit the phantom but do no damage.
The phantom is almost destroyed.
The phantom barely misses you.
You hit the phantom but do no damage.
The phantom is almost destroyed.
The phantom hits you!
* * * LOW HITPOINT WARNING * * *
You barely miss the phantom.
The phantom is almost destroyed.
The phantom hits you.
You die...

####### #.....# #.....#
#################.....#
............††.W@.....#
#################.....#
#.....# #.....#
######.### #(.....#
#(###### **#.# ***
*********,..#* *,*


You could see a phantom.

Vanquished Creatures
  Sigmund (D:3)
  A hound (D:4)
  A gnoll (D:1)
  3 adders (D:3)
  2 worms
  3 dart slugs
  7 ball pythons
  3 bats
  7 endoplasms
  5 giant cockroaches
  5 goblins
  9 hobgoblins
  3 kobolds
  4 quokkas
  A frilled lizard (D:2)
  10 rats
65 creatures vanquished.

Vanquished Creatures (others)
  A plant (D:2)
1 creature vanquished.

Grand Total: 66 creatures vanquished

Notes
Turn   | Place    | Note
-------+----------+-------------------------------------------
     0 | D:1      | MajorAdolf the Naga Wanderer began the quest for the Orb.
     0 | D:1      | MajorAdolf set off with the following items: a +2 dagger, 3
                  | curare-tipped darts, a potion of lignification, a +0 robe;
                  | and the following spell memorised: Sting; and the following
                  | spells available to memorise: Mephitic Cloud
     0 | D:1      | Reached XP level 1. HP: 18/18 MP: 2/2
   213 | D:1      | Reached XP level 2. HP: 25/25 MP: 0/4
  1257 | D:1      | Reached XP level 3. HP: 31/31 MP: 3/5
  1403 | D:1      | Learned a level 3 spell: Mephitic Cloud
  1432 | D:1      | Found a faded altar of an unknown god.
  1747 | D:2      | Found Qezucve's Antique Armour Boutique.
  2159 | D:2      | Got Sif Muna's Disquisition on Evil Arts and Attacks
  3372 | D:1      | Reached XP level 4. HP: 39/39 MP: 2/7
  3558 | D:3      | Reached skill level 5 in Poison Magic
  3836 | D:3      | Noticed Sigmund
  3861 | D:3      | Killed Sigmund
  3862 | D:3      | Reached XP level 5. HP: 7/49 MP: 3/9
  3862 | D:3      | Reached XP level 6. HP: 8/56 MP: 3/10
  4394 | D:3      | Found a burning altar of Makhleb.
  4746 | D:4      | Slain by a phantom

Illustrated notes

Levels and vault maps discovered:
D:1:      nzn_arrival_water_spiral, layout_loops_ring,
          hellmonk_ecumenical_altar_defaced_shrine, st_stairs_10
D:2:      wad_crossroads, layout_loops_cross, serial_forest,
          infiniplex_forest_end_double, infiniplex_forest_clump_curved,
          infiniplex_forest_end_1, infiniplex_forest_straight_3,
          infiniplex_forest_straight_4, infiniplex_forest_lined_2,
          infiniplex_forest_corner_2, serial_shops, shop,
          chequers_serial_rivers_small_a, hex_medium
D:3:      layout_rooms, mainiacjoe_overflow_tiny_flanked,
          hangedman_feature_mirror, uniq_sigmund
D:4:      minmay_chambers_of_threes, layout_rooms,
          nicolae_qazlal_general_emergency, enter_ossuary_3,
          nicolae_inconvenience_store

Skill      XL: |  1  2  3  4  5  6 |
---------------+-------------------+-----
Stealth        | 2 4 |  4.4
Fighting       | 2 3 |  3.1
Spellcasting   | 2 3 |  3.0
Poison Magic   | 5 |  5.9
Throwing       | |  1.0
Armour         | |  1.5
Conjurations   | |  1.0

Action                   |  1- 3 |  4- 6 || total
-------------------------+-------+-------++-------
Melee: Dagger            |     6 |    31 ||    37
 Fire: Hunting sling     |       |     7 ||     7
Throw: Dart              |     1 |       ||     1
       Stone             |       |     9 ||     9
 Cast: Sting             |    62 |    42 ||   104
 Abil: Spit Poison       |    24 |     9 ||    33
  Use: Potion            |       |     1 ||     1
       Scroll            |       |     1 ||     1
Armor: Robe              |     4 |     7 ||    11
       Skin              |       |     2 ||     2
Dodge: Dodged            |    13 |    22 ||    35
